 Dungeon Crawl Stone Soup version 0.29-a0-878-g7b45a56547 (webtiles) character file.

Game seed: 5456341199617026162

1078 buhh the Cleaver (level 8, -1/74 HPs)
             Began as a Meteoran Berserker on July 19, 2022.
             Was a Believer of Trog.
             Slain by Maggie
             ... wielding a +0 broad axe
              (9 damage)
             ... on level 6 of the Dungeon.
             The game lasted 00:08:14 (2379 turns).

buhh the Cleaver (Meteoran Berserker)               Turns: 2379, Time: 00:08:15

Health: -1/74      AC:  3    Str: 21    XL:     8   Next: 84%
Magic:  0/9        EV: 12    Int:  8    God:    Trog [**....]
Gold:   242        SH:  3    Dex: 14    Spells: 7/7 levels left

rFire   . . .      SeeInvis .   t - +3 hand axe (elec)
rCold   . . .      Faith    .   x - +0 buckler
rNeg    . . .      Spirit   +   b - +0 animal skin
rPois   .          Reflect  .   (no helmet)
rElec   .          Harm     .   (no cloak)
rCorr   +          Rampage  .   C - +0 pair of gloves
Will    +....                   (no boots)
Stlth   +.........              e - amulet of guardian spirit
HPRegen 0.22/turn               f - ring of resist corrosion
MPRegen 0.11/turn               (no ring)

@: on berserk cooldown, mesmerised, slowed, glowing, very slow
A: sense surroundings 1, otherworldly, glowing, explore regen
a: Renounce Religion, Berserk, Trog's Hand


You were on level 6 of the Dungeon.
You worshipped Trog.
Trog was pleased with you.
You visited 1 branch of the dungeon, and saw 6 of its levels.

You collected 242 gold pieces.

Inventory:

Hand Weapons
 a - a +0 hand axe
 t - a +3 hand axe of electrocution (weapon)
Armour
 b - a +0 animal skin (worn)
 x - a +0 buckler (worn)
 C - a +0 pair of gloves (worn)
Jewellery
 e - an amulet of guardian spirit (around neck)
 f - a ring of resist corrosion (left hand)
Wands
 o - a wand of mindburst (17)
Scrolls
 c - 5 scrolls of teleportation {!d!d}
 d - 2 scrolls of immolation {unknown}
 h - a scroll of noise {unknown}
 j - 2 scrolls of fog {unknown}
 k - 2 scrolls of identify {!d}
 n - a scroll of magic mapping {unknown}
 s - 2 scrolls of amnesia {unknown}
 u - 2 scrolls of enchant armour {unknown}
 y - a scroll of fear {unknown}
Potions
 g - a potion of heal wounds {unknown}
 l - 4 potions of curing {unknown}
 m - a potion of ambrosia {unknown}
 p - a potion of might {unknown}
 q - a potion of magic {unknown}
 r - 2 potions of haste {unknown}
 v - a potion of resistance {unknown}
 w - a potion of berserk rage {unknown}
 z - a potion of degeneration {unknown}
 A - a potion of brilliance {unknown}
 B - a potion of invisibility {unknown}


   Skills:
 + Level 7.7 Fighting
 + Level 8.4 Axes
 - Level 3.4 Armour
 - Level 3.5 Dodging


You had 7 spell levels left.
You didn't know any spells.
Your spell library was empty.

Dungeon Overview and Level Annotations

Branches:
Dungeon (6/15) Zot: 1127
 Temple: D:4-7

Altars:
Gozag

Annotations:
D:6 Eustachio, Maggie


Innate Abilities, Weirdness & Mutations

You passively map a small area around you.
You are easily found by Zot.
You glow in the dark.
You regain HP and MP as you explore.


Message History

You slash Maggie!
Maggie is severely wounded.
Maggie hits you with a +0 broad axe!
Maggie zaps a wand.
You easily resist.
You feel a strong urge to attack something.
You are no longer berserk.
You are exhausted.
You feel yourself slow down. Maggie barely misses you.
Maggie closely misses you. Maggie hits you with a +0 broad axe!
You bump into the rock wall.
You feel less confused. Maggie closely misses you.
You hit Maggie.
Maggie is severely wounded.
Maggie mumbles some strange words.
Maggie attempts to bespell you!
You are mesmerised by Maggie!
You hit Maggie but do no damage.
Maggie is severely wounded.
Maggie hits you with a +0 broad axe! You block Maggie's attack.
You hit Maggie but do no damage.
Maggie is severely wounded.
Maggie zaps a wand.
You easily resist.
You slash Maggie!
Maggie is almost dead.
Maggie zaps a wand.
You easily resist.
Maggie closely misses you.
Okay, then.
You hit Maggie.
Maggie is almost dead.
Maggie closely misses you.
You hit Maggie.
Maggie is almost dead.
Maggie gestures at you while chanting. The bolt of fire hits you!!
* * * LOW HITPOINT WARNING * * *
You barely miss Maggie.
Maggie is almost dead.
Maggie hits you with a +0 broad axe!
You die...

#. #....###.....
.## #............
*#.# ##............
#.## #........#....
#..###........###..
###......##....##
..
#.....######....#*
.. #..##..# ##.....
.. ####.@.#
#.###.... #...@#
#.# *##.. #..#.!.#
#..## #.
#...###..?#
....###. #.##
###..###. *#.....
#.. #..#. *#.... ##
,* *....#* *#..< ,*
##..#..* ##..#
##...##.####..##


You could see Maggie (mesmerising).

Vanquished Creatures
  Sigmund (D:5)
  An ice beast (D:5)
  2 ogres
  A phantom (D:5)
  A necrophage (D:5)
  2 bullfrogs
  A hound (D:5)
  2 orc priests (D:4)
  A jelly (D:4)
  3 iguanas
  Natasha (D:2)
  2 orc wizards (D:5)
  4 adders
  A shadow imp (D:5)
  An ufetubus (D:5)
  A dart slug (D:1)
  12 orcs
  6 ball pythons
  3 bats
  7 endoplasms
  2 giant cockroaches
  4 goblins
  3 hobgoblins
  4 jackals (D:5)
  A quokka (D:5)
  A frilled lizard (D:2)
  5 kobolds
  3 rats
76 creatures vanquished.

Vanquished Creatures (others)
  A plant (D:3)
1 creature vanquished.

Grand Total: 77 creatures vanquished

Notes
Turn   | Place    | Note
-------+----------+-------------------------------------------
     0 | D:1      | buhh the Meteoran Berserker began the quest for the Orb.
     0 | D:1      | Reached XP level 1. HP: 19/19 MP: 2/2
    72 | D:1      | You fall into a shaft and drop 1 floor!
   136 | D:2      | Reached XP level 2. HP: 23/26 MP: 3/3
   405 | D:1      | Reached XP level 3. HP: 30/31 MP: 4/4
   560 | D:1      | Reached skill level 4 in Axes
   874 | D:3      | Reached XP level 4. HP: 36/40 MP: 5/5
   962 | D:2      | Noticed Natasha
  1019 | D:3      | Reached XP level 5. HP: 24/46 MP: 2/6
  1088 | D:3      | Found a faded altar of an unknown god.
  1103 | D:3      | Reached ** piety under Trog
  1208 | D:2      | Killed Natasha
  1298 | D:4      | Reached skill level 5 in Axes
  1332 | D:4      | Reached XP level 6. HP: 36/53 MP: 5/7
  1408 | D:4      | Found an opulent altar of Gozag.
  1541 | D:4      | Noticed an ogre
  1545 | D:4      | Killed an ogre
  1546 | D:4      | Reached skill level 5 in Fighting
  1597 | D:4      | Reached XP level 7. HP: 59/61 MP: 8/8
  1602 | D:4      | Reached skill level 6 in Axes
  1638 | D:5      | Entered Level 5 of the Dungeon
  1736 | D:5      | Reached skill level 7 in Axes
  1736 | D:5      | Reached XP level 8. HP: 64/71 MP: 6/9
  1848 | D:6      | Noticed a steam dragon
  2040 | D:5      | Noticed Sigmund
  2053 | D:5      | Killed Sigmund
  2054 | D:5      | Reached skill level 8 in Axes
  2097 | D:6      | Noticed Eustachio
  2359 | D:6      | Noticed Maggie
  2379 | D:6      | Slain by Maggie

Illustrated notes

Levels and vault maps discovered:
D:1:      roderic_dead_forest, layout_basic
D:2:      layout_loops_ring, minmay_octomino_e4, uniq_natasha
D:3:      corexii_shack_village, layout_rooms,
          ebering_ecumenical_altar_abandoned, minmay_misc_feat_rows,
          minmay_diced_spiral, uniq_terence
D:4:      layout_loops_cross, lemuel_coloured_pillars_altar
D:5:      layout_loops_cross, uniq_sigmund
D:6:      layout_layer_cave, chequers_temple_overflow_minitemple,
          uniq_eustachio, uniq_maggie

Skill      XL: |  1  2  3  4  5  6  7  8 |
---------------+-------------------------+-----
Axes           | 4 5 7 8 |  8.4
Dodging        | 3 |  3.5
Armour         | 3 |  3.4
Fighting       | 4 5 6 7 |  7.7

Action                   |  1- 3 |  4- 6 |  7- 9 || total
-------------------------+-------+-------+-------++-------
Melee: Hand axe          |    94 |    63 |   111 ||   268
       Punch             |     1 |     1 |     3 ||     5
Invok: Berserk           |       |     4 |     5 ||     9
  Use: Scroll            |       |       |     2 ||     2
Armor: Animal skin       |    41 |     6 |    19 ||    66
Dodge: Dodged            |    60 |    27 |    56 ||   143
Block: Buckler           |       |       |     1 ||     1

Table legend: (Time is in decaauts)
 A = Elapsed time spent in this place.
 B = Non-inter-level travel time spent in this place.
 C = Inter-level travel time spent in this place.
 D = Time resting spent in this place.
 E = Time spent auto-exploring this place.
 F = Levels seen in this place.
 G = Mean time per level.
                   A        B        C        D        E       F      G
               +--------+--------+--------+--------+--------+-----+--------+
         Total |   2471 |   2382 |     89 |      0 |    549 |   6 |  411.8 |
       Dungeon |   2471 |   2382 |     89 |      0 |    549 |   6 |  411.8 |
               +--------+--------+--------+--------+--------+-----+--------+

Top non-repeatable levels by time:
     D:1: 658 daAuts
     D:5: 452 daAuts
     D:4: 396 daAuts
     D:3: 337 daAuts
     D:6: 323 daAuts
     D:2: 302 daAuts
